 Dungeon Crawl Stone Soup version 0.21-a0-442-g848f44b (webtiles) character file.

18508 tof the Cruncher (level 12, -4/95 HPs)
             Began as a Demonspawn Gladiator on Nov 12, 2017.
             Was a High Priest of Wu Jian.
             Slain by a seven-headed hydra (15 damage)
             ... on level 3 of the Lair of Beasts.
             The game lasted 00:54:14 (15655 turns).

tof the Cruncher (Demonspawn Gladiator)            Turns: 15655, Time: 00:54:15

Health: -4/95      AC: 11    Str: 14    XL:     12   Next: 28%
Magic:  1/10       EV: 21    Int: 10    God:    Wu Jian [*****.]
Gold:   711        SH:  0    Dex: 29    Spells: 5/11 levels left

rFire    . . .     SeeInvis +   a - +4 quarterstaff (freeze)
rCold    + . .     Gourm    .   (shield currently unavailable)
rNeg     . . .     Faith    .   K - +2 leather armour {rC+}
rPois    +         Spirit   .   (helmet unavailable)
rElec    .         Reflect  .   m - +0 cloak
rCorr    .         Harm     .   (no gloves)
MR       .....     Clarity  +   C - +0 pair of boots
Stlth    ++........             (no amulet)
HPRegen  0.25/turn              F - +3 ring of protection
MPRegen  0.12/turn              Q - +5 ring of dexterity

@: glowing, heavenly storm
A: antennae 3, claws 1, hooves 1, thin skeletal structure 2, blurry vision 2,
clarity, low mp 1, poison resistance, screaming 1, spiny 1, rot immunity
a: Serpent's Lash, Heavenly Storm, Renounce Religion


You were on level 3 of the Lair of Beasts.
You worshipped Wu Jian.
Wu Jian was extremely pleased with you.
You were very hungry.

You visited 2 branches of the dungeon, and saw 14 of its levels.
You also visited: Ossuary.

You collected 897 gold pieces.
You spent 186 gold pieces at shops.

Inventory:

Hand Weapons
 a - a +4 quarterstaff of freezing (weapon)
 t - a +2 trident of protection
 P - a +0 quarterstaff
Missiles
 d - 2 throwing nets
 j - 21 tomahawks (quivered)
Armour
 f - a +0 helmet
 i - a +1 leather armour of fire resistance
 m - a +0 cloak (worn)
 C - a +0 pair of boots (worn)
 K - a +2 leather armour of cold resistance (worn)
Jewellery
 n - an uncursed ring of magical power
 u - a +5 ring of strength
 v - an uncursed ring of protection from fire
 F - a +3 ring of protection (left claw)
 Q - a +5 ring of dexterity (right claw)
Wands
 s - a wand of confusion (16/48)
 J - a wand of confusion (19/48)
Scrolls
 e - 8 scrolls of teleportation
 k - 9 scrolls of remove curse
 l - a scroll of amnesia
 y - 3 scrolls of magic mapping
 E - 2 scrolls of fear
 I - 5 scrolls of enchant armour
 L - a scroll of recharging
 N - a scroll of fog
 R - 4 scrolls of blinking
Potions
 b - 7 potions of lignification {unknown}
 h - 2 potions of agility
 o - 5 potions of brilliance {unknown}
 p - a potion of might
 r - 2 potions of flight {unknown}
 x - a potion of curing
 A - 4 potions of degeneration {unknown}
 B - 3 potions of haste {unknown}
 D - 3 potions of resistance
 G - 3 potions of ambrosia {unknown}
 H - 3 potions of berserk rage
 O - a potion of invisibility
 T - a potion of cancellation {unknown}
Books
 w - a book of Minor Magic

   Spells                             Type                      Level
   a - Magic Dart                     Conjuration                  1
   b - Blink                          Translocation                2
   c - Call Imp                       Summoning                    2
   d - Slow                           Hexes                        2
   e - Conjure Flame                  Conjuration/Fire             3
   f - Mephitic Cloud                 Conjuration/Poison/Air       3
 M - a book of Enchantments

   Spells                             Type                      Level
   a - Cause Fear                     Hexes                        4
   b - Yara's Violent Unravelling     Hexes/Transmutation          5
   c - Silence                        Hexes/Air                    5
   d - Deflect Missiles               Charms/Air                   6
   e - Discord                        Hexes                        8
Comestibles
 c - 3 bread rations
 g - 19 royal jellies
 q - 2 meat rations
 z - 10 fruits


   Skills:
 + Level 9.1 Fighting
 * Level 11.6 Staves
 - Level 1.7 Throwing
 + Level 8.0 Armour
 + Level 8.6 Dodging
 + Level 5.5 Hexes


You had 5 spell levels left.
You knew the following spells:

 Your Spells              Type           Power        Failure   Level  Hunger
a - Slow                  Hex            ##......     7%          2    ###....
b - Cause Fear            Hex            ##........   43%         4    #####..


Dungeon Overview and Level Annotations

Branches:
Dungeon (11/15)            Temple (0/1) D:5            Lair (3/6) D:11
 Shoals (0/4) Lair:2          Orc (0/2) D:9
  Snake: Lair:2-4    Spider: Lair:2-4

Altars:
Dithmenos
Elyvilon
Fedhas
Gozag
Hepliaklqana
Nemelex Xobeh
Qazlal
Ru
Sif Muna
Trog
Vehumet
Wu Jian
Xom
Yredelemnul
Zin
Beogh

Shops:
D:8 ?


Innate Abilities, Weirdness & Mutations

You have a pair of large antennae on your head. (SInv)
You have a moderately thin skeletal structure. (Dex +4, Stealth+)
You are partially covered in sharp spines.
You are immune to rotting.
You have sharp fingernails.
You have large cloven feet.
Scrolls take you longer to read.
You possess an exceptional clarity of mind.
Your magical capacity is low. (-10% MP)
Your system is resistant to poisons. (rPois)
You occasionally shout uncontrollably at your foes.


Message History

The seven-headed hydra bites you!
* * * LOW HITPOINT WARNING * * *
The seven-headed hydra misses you.
Okay, then.
The air is filled with shimmering golden clouds!
Sifu Deng Ai says: The storm will not cease as long as you keep fighting, disciple!
You hear an angry hiss.
You hear a loud, deep croak!
The seven-headed hydra is no longer moving slowly.
You spin and attack the seven-headed hydra.
You thump the seven-headed hydra! You freeze the seven-headed hydra.
The seven-headed hydra is severely wounded.
The seven-headed hydra completely misses you.
The seven-headed hydra closely misses you.
The seven-headed hydra bites you!
* * * LOW HITPOINT WARNING * * *
The seven-headed hydra bites you!
* * * LOW HITPOINT WARNING * * *
The seven-headed hydra completely misses you. x2
The seven-headed hydra bites you!
You die...

. #.# ....## ... .#...
.... #...# .... #...
..... #§§## .....##§§§#
.. #..§§§§§### #...
##P.§§D@§§.###.........
##...§§§§§§.............
......§§§§§........)...##
....##.(...............#.
..P##.................#..
.## ##...)...............
#....................
#....................
#..........###........


You could see a seven-headed hydra.

Vanquished Creatures
  A two-headed ogre (D:6)
  A centaur warrior (D:11)
  Nergalle (D:11)
  An unseen horror (D:10)
  A wizard (D:10)
  A deep elf mage (D:10)
  2 ugly things (D:11)
  An orc sorcerer (D:10)
  A manticore (Lair:2)
  Joseph (D:7)
  A black mamba (Lair:1)
  A spiny frog (Lair:2)
  3 komodo dragons
  A troll (D:11)
  3 hornets
  Grinder (D:5)
  4 hippogriffs
  A wraith (D:10)
  A water elemental (D:11)
  11 yaks
  A wyvern (D:9)
  A hungry ghost (D:9)
  5 porcupines
  4 water moccasins
  A soldier ant (D:8)
  4 orc warriors
  3 sky beasts
  An ice beast (D:10)
  4 phantoms
  A black bear (D:8)
  5 ogres
  4 wolves (D:11)
  6 centaurs
  5 crocodiles
  3 big kobolds
  11 bullfrogs
  A wyvern zombie (D:6)
  2 scorpions
  13 killer bees
  3 wights (D:7)
  4 howler monkeys
  2 electric eels (D:11)
  A bullfrog zombie (D:5)
  5 crimson imps
  A human zombie (Ossuary)
  10 hounds
  2 jellies
  10 orc priests
  12 orc wizards
  2 bullfrog skeletons
  A centaur skeleton (D:10)
  2 centaur zombies
  A gnoll shaman (D:5)
  3 iguanas
  Crazy Yiuf (D:7)
  12 worker ants
  A statue (D:5)
  A killer bee zombie (D:9)
  A big kobold zombie (Ossuary)
  2 hound zombies
  A hound skeleton (D:6)
  5 mummies
  A worker ant zombie (D:8)
  9 gnolls
  11 adders
  2 shadow imps
  4 adder zombies (Ossuary)
  3 adder skeletons
  4 worms
  A dart slug (D:1)
  4 leopard geckos
  55 orcs
  4 giant cockroaches
  3 gnoll zombies
  9 goblins
  7 hobgoblins
  6 quokkas
  A ball python (D:1)
  8 bats
  5 frilled lizards
  2 goblin zombies (Ossuary)
  A jackal skeleton (D:4)
  A kobold (shapeshifter) (D:9)
  17 kobolds
  A kobold zombie (Ossuary)
  An orc zombie (Ossuary)
  4 quokka skeletons
  A quokka zombie (D:9)
  6 rats
367 creatures vanquished.

Vanquished Creatures (others)
  A jackal zombie (D:8)
1 creature vanquished.

Grand Total: 368 creatures vanquished

Notes
Turn   | Place    | Note
-------+----------+-------------------------------------------
     0 | D:1      | tof the Demonspawn Gladiator began the quest for the Orb.
     0 | D:1      | Reached XP level 1. HP: 16/16 MP: 1/1
   124 | D:1      | Gained mutation: You have a somewhat thin skeletal structure. (Dex +2, Stealth) [demonic ancestry]
   124 | D:1      | Reached XP level 2. HP: 21/22 MP: 2/2
   132 | D:1      | Reached skill level 3 in Staves
   687 | D:1      | Gained mutation: You have a pair of small antennae on your head. [demonic ancestry]
   687 | D:1      | Reached XP level 3. HP: 24/28 MP: 3/3
  1077 | D:1      | Reached skill level 1 in Armour
  1322 | D:2      | Found a stormy altar of Qazlal.
  1570 | D:2      | Gained mutation: You are partially covered in sharp spines. [demonic ancestry]
  1570 | D:2      | Reached XP level 4. HP: 10/34 MP: 4/4
  1734 | D:2      | Found a white marble altar of Elyvilon.
  2240 | D:3      | Reached skill level 4 in Staves
  2240 | D:3      | Reached XP level 5. HP: 26/40 MP: 5/5
  2440 | D:3      | Found a sacrificial altar of Ru.
  2523 | D:3      | Found a basalt altar of Yredelemnul.
  3139 | D:4      | Noticed an ogre
  3149 | D:4      | Killed an ogre
  3149 | D:4      | Gained mutation: You have a pair of antennae on your head. [demonic ancestry]
  3149 | D:4      | Reached XP level 6. HP: 12/47 MP: 6/6
  3585 | D:4      | Reached skill level 5 in Staves
  3585 | D:4      | Gained mutation: You are immune to rotting. [demonic ancestry]
  3585 | D:4      | Reached XP level 7. HP: 46/53 MP: 7/7
  3654 | D:4      | Found an ornate altar of the Wu Jian Council.
  3661 | D:4      | Became a worshipper of the Wu Jian Council
  3789 | D:4      | Found a shadowy altar of Dithmenos.
  3831 | D:4      | Got a translucent ring mail
  3842 | D:4      | Identified the cursed +0 ring mail of Compression {*Slow MP+9 Str+3 Int+2} (You found it on level 4 of the Dungeon)
  4286 | D:5      | Entered Level 5 of the Dungeon
  4394 | D:5      | Found a radiant altar of Vehumet.
  4424 | D:5      | Found a sand-covered staircase.
  4439 | Ossuary  | Entered an ossuary
  4968 | D:5      | Found a sparkling altar of Nemelex Xobeh.
  5003 | D:5      | Reached * piety under Wu Jian
  5042 | D:5      | Found a staircase to the Ecumenical Temple.
  5187 | D:5      | Reached skill level 6 in Staves
  5192 | D:5      | Reached XP level 8. HP: 52/61 MP: 8/8
  5531 | D:5      | Found a hazy altar of Hepliaklqana.
  5533 | D:5      | Gained mutation: Your spells are a little harder to cast, but a little more powerful. [potion of mutation]
  5533 | D:5      | Gained mutation: Your system is resistant to poisons. (rPois) [potion of mutation]
  5533 | D:5      | Gained mutation: You possess an exceptional clarity of mind. [potion of mutation]
  5643 | D:5      | Noticed Grinder
  5649 | D:5      | Paralysed by Grinder for 2 turns
  5657 | D:5      | Paralysed by Grinder for 5 turns
  5670 | D:5      | Killed Grinder
  5670 | D:5      | Reached skill level 5 in Fighting
  5670 | D:5      | Reached skill level 5 in Dodging
  5864 | D:5      | Reached skill level 7 in Staves
  6351 | D:6      | Gained mutation: You have a moderately thin skeletal structure. (Dex +4, Stealth+) [demonic ancestry]
  6351 | D:6      | Reached XP level 9. HP: 67/68 MP: 9/9
  6414 | D:6      | Reached ** piety under Wu Jian
  6429 | D:6      | Noticed a two-headed ogre
  6445 | D:6      | Killed a two-headed ogre
  6445 | D:6      | Reached skill level 8 in Staves
  6445 | D:6      | Reached skill level 5 in Armour
  6499 | D:6      | Found a bloodstained altar of Trog.
  6504 | D:6      | Found a deep blue altar of Sif Muna.
  6552 | D:6      | Found an opulent altar of Gozag.
  6553 | D:6      | Found a glowing silver altar of Zin.
  6925 | D:7      | Noticed Joseph
  7549 | D:7      | Killed Joseph
  7601 | D:7      | Gained mutation: You have a pair of large antennae on your head. (SInv) [demonic ancestry]
  7601 | D:7      | Reached XP level 10. HP: 37/77 MP: 10/10
  7869 | D:7      | Reached skill level 9 in Staves
  8080 | D:7      | Gained mutation: You have sharp fingernails. [mutagenic meat]
  8081 | D:7      | Gained mutation: You evolve. [mutagenic meat]
  8153 | D:7      | Found a blossoming altar of Fedhas.
  8316 | D:7      | Found a runed door.
  8320 | D:7      | Noticed Crazy Yiuf
  8325 | D:7      | Killed Crazy Yiuf
  8325 | D:7      | Reached *** piety under Wu Jian
  8373 | D:7      | Gained mutation: Your mind is acute. (Int +2) [evolution]
  8450 | D:8      | Found Anox's Magic Scroll Emporium.
  8472 | D:8      | Bought a scroll of identify for 22 gold pieces
  8472 | D:8      | Bought a scroll of identify for 22 gold pieces
  8472 | D:8      | Bought a scroll of fear for 38 gold pieces
  8472 | D:8      | Bought a scroll of identify for 22 gold pieces
  8472 | D:8      | Bought a scroll of blinking for 82 gold pieces
  8610 | D:8      | Found a shimmering altar of Xom.
  8661 | D:8      | Learned a level 4 spell: Cause Fear
  8746 | D:8      | Paralysed by a hornet for 3 turns
  9100 | D:8      | Reached skill level 1 in Hexes
  9357 | D:9      | Got a fine great sword
  9358 | D:9      | Identified the +8 great sword of Ruination {slice, Str+7} (You found it on level 9 of the Dungeon)
  9482 | D:9      | Gained mutation: Scrolls take you a little longer to read. [mutagenic meat]
  9483 | D:9      | Gained mutation: You occasionally shout uncontrollably at your foes. [mutagenic meat]
  9484 | D:9      | Gained mutation: You have large cloven feet. [mutagenic meat]
  9485 | D:9      | Gained mutation: Scrolls take you longer to read. [mutagenic meat]
  9596 | D:9      | Reached **** piety under Wu Jian
  9911 | D:9      | Found a staircase to the Orcish Mines.
 10084 | D:9      | Found a roughly hewn altar of Beogh.
 10269 | D:10     | Entered Level 10 of the Dungeon
 10288 | D:10     | Noticed an unseen horror
 10295 | D:10     | Killed an unseen horror
 10295 | D:10     | Reached skill level 10 in Staves
 10304 | D:10     | Noticed a deep elf mage
 10313 | D:10     | Killed a deep elf mage
 10366 | D:10     | Reached XP level 11. HP: 79/85 MP: 11/11
 10577 | D:10     | Noticed an orc sorcerer
 10581 | D:10     | Noticed a wizard
 10594 | D:10     | Killed a wizard
 10597 | D:10     | Killed an orc sorcerer
 10597 | D:10     | Reached ***** piety under Wu Jian
 11262 | D:11     | Noticed Nergalle
 11524 | D:11     | HP: 3/86 [Nergalle/bolt of negative energy (39)]
 11542 | D:11     | Killed Nergalle
 11734 | D:11     | Noticed a centaur warrior
 11749 | D:11     | Killed a centaur warrior
 12226 | D:11     | Noticed a brown ugly thing
 12273 | D:11     | Killed a brown ugly thing
 12278 | D:11     | Lost mutation: You evolve. [mutagenic meat]
 12279 | D:11     | Lost mutation: Your mind is acute. (Int +2) [mutagenic meat]
 12280 | D:11     | Gained mutation: Your magical capacity is low. (-10% MP) [mutagenic meat]
 12451 | D:11     | Noticed a brown ugly thing
 12531 | D:11     | Killed a brown ugly thing
 12540 | D:11     | Lost mutation: Your spells are a little harder to cast, but a little more powerful. [mutagenic meat]
 12779 | D:11     | Reached skill level 11 in Staves
 13060 | D:11     | Found a staircase to the Lair.
 13582 | Lair:1   | Entered Level 1 of the Lair of Beasts
 14066 | Lair:1   | Learned a level 2 spell: Slow
 14127 | Lair:1   | Reached skill level 5 in Hexes
 14127 | Lair:1   | Reached XP level 12. HP: 94/94 MP: 7/10
 14828 | Lair:2   | Found a staircase to the Shoals.
 15645 | Lair:3   | Noticed a seven-headed hydra
 15655 | Lair:3   | Slain by a seven-headed hydra

Vault maps used:
D:1:      shiori_arrival_oz
D:2:      nicolae_qazlal_general_emergency, lemuel_coloured_pillars_altar,
          first_bread
D:3:      lemuel_crystal_altar, lemuel_zombie_altar_yredelemnul
D:4:      nicolae_dithmenos_shadow_blocks, nicolae_overflow_crystal_walls,
          nicolae_overflow_hidden_temple
D:5:      nemelex_xobeh_ov_fountains_minmay, vehumet_statue,
          minmay_temple_entry_grid, gup_ossuary_entry_pyramid,
          lemuel_tele_altar, uniq_grinder
D:6:      grunt_temple_overflow_gold_and_silver, lemuel_crystal_altar,
          kennysheep_mini_moat
D:7:      fedhas_altar_2, uniq_joseph, uniq_crazy_yiuf_cottage
D:8:      overflow_temple_1_default, serial_shops, shop_scrolls,
          hangedman_pestilent_swarm
D:9:      minmay_orc_entry_temple_small, nicolae_sextant, hangedman_glass_teeth
D:10:     cheibrodos_wizards_tower
D:11:     erik_lair_island, uniq_nergalle
Lair:2:   minmay_shoals_entry_beasts, serial_bayou_shore_b
Ossuary:  ossuary_minmay_tomb_2a

Skill      XL: |  1  2  3  4  5  6  7  8  9 10 11 12 |
---------------+-------------------------------------+-----
Staves         | 3 4 5 6 7 8 10 11 | 11.6
Armour         | 1 2 3 4 5 6 7 8 |  8.0
Dodging        | 3 4 5 6 7 8 |  8.6
Fighting       | 3 4 5 6 7 8 9 |  9.1
Hexes          | 2 5 |  5.5
Throwing       | |  1.7

Action                   |  1- 3 |  4- 6 |  7- 9 | 10-12 || total
-------------------------+-------+-------+-------+-------++-------
Melee: Quarterstaff      |   137 |    14 |       |   557 ||   708
       Trident           |       |    89 |   349 |    45 ||   483
Throw: Throwing net      |       |     1 |       |       ||     1
       Tomahawk          |       |       |     1 |    33 ||    34
 Cast: Slow              |       |       |       |    22 ||    22
Invok: Heavenly Storm    |       |       |       |     1 ||     1
Evoke: Wand              |       |       |     1 |     1 ||     2
  Use: Potion            |       |     2 |     1 |     5 ||     8
       Scroll            |       |       |    11 |    12 ||    23
 Stab: Sleeping          |     2 |       |     8 |    21 ||    31
       Confused          |       |       |     3 |     1 ||     4
       Distracted        |       |       |       |     1 ||     1
  Eat: Chunk             |     2 |     6 |     4 |    32 ||    44
       Bread ration      |       |       |     2 |     2 ||     4
Armor: Leather armour    |    43 |    22 |   104 |    89 ||   258
Dodge: Dodged            |   112 |    71 |   265 |   352 ||   800

Table legend:
 A = Spawn XP
 B = Non-spawn XP
 C = Spawn XP percentage of total XP
 D = Spawn monster count
 E = Non-spawn monster count
 F = Spawn count percentage of total count
 G = Total turns spent on level
                    A         B        C        D         E        F      G
               +---------+---------+-------+---------+---------+-------+---------
         Total |       0 |   26440 |   0.0 |       0 |     367 |   0.0 | 15655
               +---------+---------+-------+---------+---------+-------+---------
           D:1 |       0 |      58 |   0.0 |       0 |      27 |   0.0 |  1148
           D:2 |       0 |      70 |   0.0 |       0 |      19 |   0.0 |   666
           D:3 |       0 |     210 |   0.0 |       0 |      30 |   0.0 |  1543
           D:4 |       0 |     512 |   0.0 |       0 |      13 |   0.0 |   929
           D:5 |       0 |    1653 |   0.0 |       0 |      35 |   0.0 |  1502
           D:6 |       0 |    1444 |   0.0 |       0 |      16 |   0.0 |   538
           D:7 |       0 |    2053 |   0.0 |       0 |      35 |   0.0 |  1588
           D:8 |       0 |    1044 |   0.0 |       0 |      18 |   0.0 |   706
           D:9 |       0 |    2183 |   0.0 |       0 |      50 |   0.0 |  1135
          D:10 |       0 |    3963 |   0.0 |       0 |      25 |   0.0 |  1135
          D:11 |       0 |    5934 |   0.0 |       0 |      47 |   0.0 |  2178
        Lair:1 |       0 |    2702 |   0.0 |       0 |      14 |   0.0 |   856
        Lair:2 |       0 |    4326 |   0.0 |       0 |      21 |   0.0 |  1185
        Lair:3 |       0 |     100 |   0.0 |       0 |       1 |   0.0 |    32
       Ossuary |       0 |     188 |   0.0 |       0 |      16 |   0.0 |   514
               +---------+---------+-------+---------+---------+-------+---------
